 Dungeon Crawl Stone Soup version 0.31-a0-355-g57cb03d3e8 (webtiles) character file.

Game seed: 9753942917370451752

37 Midn8 the Sneak (level 3, -1/31 HPs)
             Began as a Hill Orc Delver on July 25, 2023.
             Was an Initiate of Fedhas.
             Slain by a hell rat (10 damage)
             ... in a sewer.
             The game lasted 00:03:14 (547 turns).

Midn8 the Sneak (Hill Orc Delver)                    Turns: 547, Time: 00:03:14

Health: -1/31      AC:  8    Str: 22    XL:     3   Next: 41%
Magic:  3/3        EV:  8    Int: 10    God:    Fedhas [......]
Gold:   10         SH:  0    Dex: 12    Spells: 2/2 levels left

rFire   . .          .
                       - Unarmed
rCold   . . .        (no shield)
rNeg    . . .        i - +0 chain mail
rPois   .            (no helmet)
rElec   .            (no cloak)
rCorr   .            (no gloves)
SInv    .            (no boots)
Will    .....        (no amulet) Stlth
                     j - +6 ring of strength
HPRegen 0.25/turn    (no ring)
MPRegen 0.08/turn

%: no passive effects
@: no status effects
A: no striking features
a: Renounce Religion


You were in a sewer.
You worshipped Fedhas.
Fedhas was noncommittal.
You visited 1 branch of the dungeon, and saw 3 of its levels.
You also visited: Sewer.

You collected 10 gold pieces.

Inventory:

Armour
 a - a +0 leather armour
 g - a +0 scale mail
 i - a +0 chain mail (worn)
Jewellery
 j - a +6 ring of strength (left hand)
Wands
 f - a wand of digging (3)
Scrolls
 b - a scroll of fog
 c - a scroll of identify {unknown}
 d - a scroll of fear
Potions
 h - a potion of berserk rage {unknown}


   Skills:
 - Level 3.6 Fighting
 - Level 1.5 Dodging
 - Level 4.1 Stealth
 + Level 4.1 Unarmed Combat


You had 2 spell levels left.
You didn't know any spells.
Your spell library was empty.

Dungeon Overview and Level Annotations

Branches:
Dungeon (5/15)              Sewer (1/1)
 Temple: D:4-7

Altars:
Fedhas


Message History

You open the door.
A hell rat comes into view.
The hell rat roars deafeningly!
Found four items.
Found a gate leading back out of this place.
Okay, then.
You enter the shallow water.
Moving in this stuff is going to be slow.
You hit the hell rat but do no damage. You hit the hell rat.
The hell rat is lightly wounded.
The hell rat splashes around in the water.
You hit the hell rat but do no damage.
The hell rat is lightly wounded.
The hell rat bites you.
You barely miss the hell rat.
The hell rat is lightly wounded.
The hell rat bites you but does no damage.
You hit the hell rat but do no damage.
You punch the hell rat, but do no damage.
The hell rat is lightly wounded.
The hell rat bites you! x2
* * * LOW HITPOINT WARNING * * *
You barely miss the hell rat.
The hell rat is lightly wounded.
The hell rat closely misses you.
You hit the hell rat but do no damage.
The hell rat is lightly wounded.
The hell rat bites you but does no damage.
You hit the hell rat but do no damage.
The hell rat is lightly wounded.
The hell rat barely misses you.
You hit the hell rat.
The hell rat is moderately wounded.
The hell rat barely misses you.
You hit the hell rat.
The hell rat is moderately wounded.
The hell rat bites you!
You die...
Fedhas appreciates your contribution to the ecosystem.

###~~÷∩÷~~###
###.~.~÷∩.~...###
#.~.~~#####.....#
##~~.###!∩
###~~.##
#~..##.?!! ##~~~#
#~†~#~~~~~ #..~#
#~.~##.~~r ##~.~#
##.~~###~~
###...##
#~~.~~##'##@~~~.#
###.~..~~.r†.~###
###~~.~.~.###
#########


You could see a hell rat.

Vanquished Creatures
  3 river rats
  A ball python (D:3)
  2 giant cockroaches (D:3)
  8 rats
14 creatures vanquished.

Notes
Turn   | Place    | Note
-------+----------+-------------------------------------------
     0 | D:5      | Midn8 the Hill Orc Delver began the quest for the Orb.
     0 | D:5      | Reached XP level 1. HP: 19/19 MP: 1/1
    16 | D:4      | Noticed a scorpion
    27 | D:4      | Noticed an orc priest
   121 | D:3      | Found a blossoming altar of Fedhas.
   130 | D:3      | Became a worshipper of Fedhas Madash
   207 | D:3      | Found a glowing drain.
   218 | D:3      | Reached XP level 2. HP: 17/26 MP: 2/2
   263 | Sewer    | Entered a sewer
   289 | Sewer    | Reached XP level 3. HP: 4/31 MP: 3/3
   289 | Sewer    | HP: 1/31 [rat (3)]
   547 | Sewer    | Slain by a hell rat

Illustrated notes

Levels and vault maps discovered:
D:3:      layout_basic, old_standard_altar, mainiacjoe_overflow_swirl,
          portal_sewer_entry_b, grunt_decor_junction
D:4:      layout_basic, lemuel_mausoleum_altar_kikubaaqudgha, uniq_duvessa
D:5:      layout_cave_pools, lemuel_tele_altar, serial_shops, shop,
          mrwooster_statue_mirror, uniq_ijyb, uniq_crazy_yiuf_cottage
Sewer:    sewer_hellmonk_bad_rat

Skill      XL: |  1  2  3 |
---------------+----------+-----
Unarmed Combat | 3 4 |  4.1
Fighting       | |  3.6
Dodging        | |  1.5
Stealth        | |  4.1

Action                     || total
---------------------------++-------
  Melee: Unarmed           ||    67
         Punch             ||     4
    Use: Scroll            ||     1
         Potion            ||     1
 Armour: Chain mail        ||    22
  Dodge: Dodged            ||    30

Table legend: (Time is in decaauts)
 A = Elapsed time spent in this place.
 B = Non-inter-level travel time spent in this place.
 C = Inter-level travel time spent in this place.
 D = Time resting spent in this place.
 E = Time spent auto-exploring this place.
 F = Levels seen in this place.
 G = Mean time per level.
                   A        B        C        D        E       F      G
               +--------+--------+--------+--------+--------+-----+--------+
         Total |    539 |    539 |      0 |    181 |      0 |   4 |  134.8 |
       Dungeon |    263 |    263 |      0 |     23 |      0 |   3 |   87.7 |
         Sewer |    275 |    275 |      0 |    158 |      0 |   1 |  275.0 |
               +--------+--------+--------+--------+--------+-----+--------+

Top non-repeatable levels by time:
   Sewer: 275 daAuts
     D:3: 234 daAuts
     D:5: 15 daAuts
     D:4: 13 daAuts
